Hoppy, neutral male human Tourist -------- ---------- |>.....| |.........##################### |.....)| |...)....| # ##############.......| ....<.....#########################--------- |....%.| ----.-----# ---------.---#######........| |......| ####### |...........|# 0##|.......| ----..%- |.....`.....|# #-^......| # |...-----...|# ------.-- # ------ |...|.{.|...|# ## # |.....#### |...|{.{|`..|# # # |....| |...|.{.....|# ### ### |^....## |...-----...|# # # # ------ # |...........|# ########## ### |..........`|# ------|..------ # -------------# |(............| ####################)####### |.............| ###0# # |.............| **q@ --------------- Hoppy the Excursionist Experience level: 9 Strength: 13 Dexterity: 12 Constitution: 18 Intelligence: 11 Wisdom: 11 Charisma: 12 Health: 0(96) Energy: 33(33) AC: 3 Gold: 0 Moves: 7520 Your Inventory: Weapons f - 10 [cursed -4] darts H - an [uncursed +0] broadsword (weapon in hand) Armor h - an uncursed +0 Hawaiian shirt (being worn) C - an [uncursed] +1 red-eyed shield [orcish] (being worn) D - an [uncursed] +0 crude chain mail [orcish] (being worn) U - an [uncursed] +0 pair of elven boots (being worn) Comestibles b - 2 uncursed food rations Scrolls v - 3 [uncursed] unlabeled scrolls [of blank paper] G - a [blessed] scroll of teleportation Potions z - an [uncursed] clear potion [of water] A - an [uncursed] potion of paralysis F - a [blessed] potion of object detection Rings B - a [cursed -1] amber ring [of adornment] Tools i - an uncursed expensive camera (0:46) j - an uncursed credit card T - an [uncursed] partly used [wax] candle V - 2 [uncursed] partly used [tallow] candles X - an [uncursed fire] horn [0:4] Gems I - an [uncursed] blue gem [worthless glass] J - an [uncursed] white gem [opal] Spells known in the end: Name Level Category Fail Memory a - sleep 1 enchantment 100% [||||||..] Your skills at the end: Fighting Skills Weapon Skills short sword [Skilled / Expert] dart [Basic / Expert] Spellcasting Skills Final Attributes: You were piously aligned. Hunger level was 403. Your alignment was 47 / 47. Monster difficulty range was 0 - 7. Level difficulty was 5. You were telepathic. You were stealthy. Your luck was zero. You are dead. Vanquished creatures: a small mimic 2 leprechauns an orc-captain an iron piercer a gnome king an orc mummy a brown pudding a dingo a dwarf lord a gnome mummy 2 snakes a bugbear an imp a water nymph a mountain nymph 4 Mordor orcs 5 Uruk-hai 2 orc shamans 5 enormous rats a rock mole a yellow light 4 gnome lords a gnomish wizard a kobold mummy a gray ooze an elf zombie a straw golem a paper golem 3 giant ants a little dog 2 floating eyes 2 kittens 5 dwarves a homunculus 11 hill orcs 5 rothes a rabid rat a giant bat 2 dwarf zombies an iguana an acid blob a gas spore a hobbit a large kobold 5 hobgoblins 2 yellow molds 3 red molds 22 gnomes 3 garter snakes a gnome zombie a gecko a jackal 2 foxes 15 goblins 11 sewer rats 7 grid bugs 2 bats 2 lichens 4 newts 165 creatures vanquished. Voluntary challenges: You were an atheist. You used a wielded weapon 270 times. You read items or engraved 383 times. You put on armor 17 times. You never genocided any monsters. You never polymorphed an object. You never changed form. You used no wishes. You wrote Elbereth's name 81 times. You never encountered a bones level. You never used any Sokoban shortcuts. Dungeon overview: The Dungeons of Doom: levels 1 to 5 Level 1 a fountain a long staircase Level 2 an armor shop, a fountain Level 3 a potion shop, a fountain Level 4 a fountain, a sink stairs to The Gnomish Mines Level 5 <- You were here many fountains The Gnomish Mines: levels 5 to 7 Level 5 stairs to The Dungeons of Doom Level 7 a temple, a magic chest, some fountains History has recorded: On T:1 you entered the Dungeons of Doom to retrieve the Amulet of Yendor! On T:241 you reached level 2 of The Dungeons of Doom. On T:1129 you reached level 3 of The Dungeons of Doom. On T:1163 you advanced to experience level 2. On T:1203 you advanced to experience level 3. On T:1523 you advanced to experience level 4. On T:1810 you reached level 4 of The Dungeons of Doom. On T:2014 you reached level 1 of The Gnomish Mines. On T:2032 you advanced to experience level 5. On T:2597 you reached level 2 of The Gnomish Mines. On T:2608 you advanced to experience level 6. On T:2892 you advanced to experience level 7. On T:3128 you reached level 3 of The Gnomish Mines. On T:5067 you advanced to experience level 8. On T:6462 you reached level 5 of The Dungeons of Doom. On T:6942 you advanced to experience level 9. Latest messages: The jaguar turns to flee! You add "Elbereth" with your fingers to the writing in the dust. (2x) The mountain nymph turns to flee! You add "Elbereth" with your fingers to the writing in the dust. [HP+1=28] You add "Elbereth" with your fingers to the writing in the dust. (2x) The jaguar turns to flee! You add "Elbereth" with your fingers to the writing in the dust. The mountain nymph turns to flee! You add "Elbereth" with your fingers to the writing in the dust. [HP+1=29] You add "Elbereth" with your fingers to the writing in the dust. (3x) The mountain nymph turns to flee! You add "Elbereth" with your fingers to the writing in the dust. The mumak turns to flee! [HP+1=30] You add "Elbereth" with your fingers to the writing in the dust. (3x) [HP+1=31] You see here 10 rocks. You write "Elbereth" with your fingers into the dust. The jaguar turns to flee! You are carrying too much to get through. You add "Elbereth" with your fingers to the writing in the dust. [HP+1=32] The mumak butts! The mumak bites! You die... Final status: Aloha Hoppy the Tourist... You died in The Dungeons of Doom on dungeon level 5 with 6976 points, and 0 pieces of gold, after 7520 moves. You were level 9 with a maximum of 96 hit points when you died.